 Dungeon Crawl Stone Soup version 0.30-a0-141-g30f27751c5 (webtiles) character file.

Game seed: 10349173389170176693

51 qw the Chopper (level 3, -2/23 HPs)
             Began as a Gargoyle Fighter on Sept 25, 2022.
             Slain by a gnoll
             ... wielding a +0 club
              (4 damage)
             ... on level 2 of the Dungeon.
             The game lasted 00:00:34 (1633 turns).

qw the Chopper (Gargoyle Fighter)                   Turns: 1633, Time: 00:00:34

Health: -2/23      AC: 13    Str: 21    XL:     3   Next: 81%
Magic:  3/3        EV:  7    Int:  8    God:
Gold:   108        SH:  4    Dex:  9    Spells: 2/2 levels left

rFire   . . .      SeeInvis .    Y - +0 war axe
rCold   . . .      Faith    .    c - +0 buckler
rNeg    + . .      Spirit   .    l - +0 chain mail
rPois   inf        Reflect  .    (no helmet)
rElec   +          Harm     .    (no cloak)
rCorr   .          Rampage  .    (no gloves)
Will    .....                    g - +0 pair of boots
Stlth   ..........               (no amulet)
HPRegen 0.07/turn                (no ring)
MPRegen 0.08/turn                (no ring)

@: no status effects
A: sickness immunity, AC +3, negative energy resistance 1, electricity
resistance, torment resistance 1, petrification resistance
a: no special abilities


You were on level 2 of the Dungeon.
You visited 1 branch of the dungeon, and saw 2 of its levels.

You collected 108 gold pieces.


Innate Abilities, Weirdness & Mutations

You are immune to sickness and miasma.
Your stone body is resilient. (AC +3)
You are immune to poison.
You resist negative energy. (rN+)
You are resistant to electric shocks. (rElec)
You are resistant to unholy torment.
You are immune to petrification.


   Skills:
 - Level 3.2 Fighting
 + Level 3.6 Axes
 - Level 3.2 Armour
 - Level 3.2 Shields


You had 2 spell levels left.
You didn't know any spells.
Your spell library was empty.

Inventory:

Hand Weapons
 j - a +0 whip
 Y - a +0 war axe (weapon)
Armour
 c - a +0 buckler (worn)
 g - a +0 pair of boots (worn)
 l - a +0 chain mail (worn)
Jewellery
 f - a ring of fire
Scrolls
 a - 4 scrolls of identify {unknown}
 b - a scroll of acquirement {unknown}
Potions
 d - 2 potions of might
 e - a potion of haste {unknown}
 k - a potion of flight {unknown}
 m - a potion of curing {unknown}

Dungeon Overview and Level Annotations

Branches:
Dungeon (2/15)

Altars:

Shops:
D:1 *

Annotations:
D:2 1 runed translucent door, Crazy Yiuf


Message History

You kill the hobgoblin!
You hear a shout!
A gnoll comes into view. It is wielding a +0 spear.
An adder comes into view.
The adder hisses angrily.
The gnoll shouts!
A gnoll comes into view. It is wielding a +0 club.
The gnoll shouts!
A gnoll comes into view. It is wielding a +0 flail.
The gnoll hits you but does no damage. x2
You hit the gnoll.
The gnoll is lightly wounded.
The gnoll closely misses you. The gnoll hits you but does no damage.
You slash the gnoll!
You kill the gnoll!
The gnoll hits you from afar with a +0 spear.
The adder bites you.
You closely miss the gnoll. You closely miss the adder.
The gnoll hits you but does no damage. The gnoll barely misses you.
The adder bites you but does no damage. The gnoll barely misses you.
The gnoll hits you with a +0 club.
You hit the gnoll.
The gnoll is lightly wounded.
You barely miss the gnoll. You closely miss the adder.
The adder closely misses you. The gnoll hits you but does no damage.
The gnoll hits you with a +0 club. The gnoll closely misses you.
The adder bites you but does no damage.
You barely miss the gnoll.
The gnoll is lightly wounded.
You hit the gnoll. You miss the adder. You block the adder's attack.
The gnoll barely misses you.
The gnoll hits you but does no damage. x2
The adder bites you but does no damage.
You hit the gnoll but do no damage.
The gnoll is lightly wounded.
You barely miss the gnoll. You hit the adder.
The gnoll hits you but does no damage. You block the gnoll's attack.
The gnoll barely misses you. The adder bites you but does no damage.
The gnoll hits you with a +0 flail! The gnoll barely misses you.
The gnoll hits you with a +0 club.
You die...

...# .... #..#
#..# ###..##
....g# #gg.#
#.@.# #.S.##
#####..%.#
..S.......#
.#####.#..#####
#.#....>.#
#.#####.#..###.#
#......?...# #.#
### #.###.###.##
#.#


You could see 3 gnolls and an adder.

Vanquished Creatures
  A gnoll (D:2)
  2 dart slugs (D:1)
  6 endoplasms
  A goblin (D:1)
  6 hobgoblins
  5 kobolds
  A quokka (D:1)
  5 ball pythons (D:1)
  4 bats
  4 rats (D:1)
35 creatures vanquished.

Notes
Turn   | Place    | Note
-------+----------+-------------------------------------------
     0 | D:1      | qw the Gargoyle Fighter began the quest for the Orb.
     0 | D:1      | Reached XP level 1. HP: 14/14 MP: 1/1
     0 | D:1      | 0 ||| qw: Version: 0.2-a-10-g399e6c4
     0 | D:1      | 0 ||| qw: Game counter: 102
     0 | D:1      | 0 ||| qw: Always use a shield: true
     0 | D:1      | 0 ||| qw: God list: Okawaru
     0 | D:1      | 0 ||| qw: Allow faded altars: false
     0 | D:1      | 0 ||| qw: Do Orc after D:15 true
     0 | D:1      | 0 ||| qw: Do second Lair branch before Depths: true
     0 | D:1      | 0 ||| qw: Lair rune preference: random
     0 | D:1      | 0 ||| qw: Plans: Normal, Zot:1-4, God:TSO, Crypt, Tomb,
                  | Pan, Slime:5, Hells, Abyss, Orb
     0 | D:1      | 0 ||| PLANNING D:1-11
   280 | D:1      | Reached XP level 2. HP: 14/19 MP: 2/2
   372 | D:1      | 372 ||| Stepping ~*~*~tactically~*~*~ (stealth).
   413 | D:1      | Found Coledut's Assorted Antiques.
   430 | D:1      | 430 ||| SHOPLISTING 2 glowing clear potions (46 gold, have
                  | 16).
   430 | D:1      | 430 ||| SHOPLISTING scroll labelled HANTIOPEDE (26 gold,
                  | have 16).
   430 | D:1      | 430 ||| SHOPLISTING scroll labelled XITWEPHOIX (26 gold,
                  | have 16).
   430 | D:1      | 430 ||| SHOPLISTING twisted jade amulet (130 gold, have
                  | 16).
   688 | D:1      | Reached skill level 3 in Axes
   792 | D:1      | Reached XP level 3. HP: 23/23 MP: 3/3
   880 | D:1      | 880 ||| DROPPING +0 club.
  1145 | D:1      | 1145 ||| UPGRADING to +0 pair of boots.
  1150 | D:1      | 1150 ||| UPGRADING to +0 chain mail.
  1160 | D:1      | 1160 ||| DROPPING +0 scale mail.
  1161 | D:1      | 1161 ||| READING scroll labelled VYTEPU XUDGH.
  1162 | D:1      | 1162 ||| READING scroll labelled YHODIO DEOSSOU.
  1225 | D:2      | 1225 ||| STAIRDANCE
  1340 | D:2      | 1340 ||| Stepping ~*~*~tactically~*~*~ (stealth).
  1509 | D:2      | Found a runed translucent door.
  1510 | D:2      | Noticed Crazy Yiuf
  1633 | D:2      | HP: 2/23 [gnoll/+0 flail (11)]
  1633 | D:2      | Slain by a gnoll

Levels and vault maps discovered:
D:1:      minmay_arrival_stone_box, layout_loops_ring, serial_shops, shop
D:2:      layout_loops_ring, basic_altar, kennysheep_crisscross,
          uniq_crazy_yiuf_cottage, uniq_natasha

Skill      XL: |  1  2 |
---------------+-------+-----
Axes           | 2 3 |  3.6
Fighting       | |  3.2
Armour         | |  3.2
Shields        | |  3.2

Action                   || total
-------------------------++-------
Melee: War axe           ||    94
  Use: Scroll            ||     2
Armor: Scale mail        ||    31
       Chain mail        ||    26
Dodge: Dodged            ||    41
Block: Buckler           ||    18

Table legend:
 A = Non-vault XP
 B = Vault XP
 C = Vault XP percentage of total XP
 D = Non-vault monster count
 E = Vault monster count
 F = Vault count percentage of total count
                 A         B        C        D         E       F
            +---------+---------+-------+---------+---------+-------
      Total |      73 |       0 |   0.0 |      35 |       0 |   0.0
            +---------+---------+-------+---------+---------+-------
        D:1 |      49 |       0 |   0.0 |      29 |       0 |   0.0
        D:2 |      24 |       0 |   0.0 |       6 |       0 |   0.0
            +---------+---------+-------+---------+---------+-------
